Map: Cyber Forest LE

Players

PtitDrogo

  • Race: Protoss Protoss
  • Spawn Location: 11:00

goblin - Winner!

  • Race: Protoss Protoss
  • Spawn Location: 5:00

Event: 2019 WCS Spring

VOD

Have the link to the VOD?

Description

Time

  • Played on: May 18, 2019, 2:16 p.m.
  • Length: 6:44

All games in this series

Show
View Real Time Build Order
Export as new Build Order

PtitDrogo Protoss 

Build Orders:  

Get SALT Encoding   

  12  0:00  Probe  
  13  0:12  Probe  
  14  0:17  Pylon  
  14  0:24  Probe  
  15  0:32  Probe  
  15  0:37  Gateway  
  15  0:40  Probe  
  16  0:45  Assimilator  
  17  0:51  Probe  
  17  0:54  Assimilator  
  18  0:59  Probe  
  19  1:07  Probe, Gateway  
  19  1:17  Probe  
  20  1:24  Cybernetics Core  
  21  1:29  Probe  
  22  1:33  Pylon  
  22  1:41  Probe  
  23  1:52  Warp Gate  
  23  1:53  Probe  
  24  2:01  Stalker, Sentry  
  28  2:08  Probe  
  28  2:10  Pylon  
  29  2:21  Pylon  
  30  2:27  Stalker  
  31  2:30  Stalker  
  33  2:52  Nexus  
  33  2:54  Probe  
  34  3:06  Probe, Robotics Facility  
  34  3:11  Sentry  
  37  3:15  Sentry  
  39  3:22  Pylon  
  39  3:27  Twilight Council  
  39  3:30  Gateway  
  38  3:36  Shield Battery  
  38  3:40  Shield Battery  
  38  3:48  Stalker  
  40  3:55  Stalker  
  40  4:01  Shield Battery  
  42  4:11  Shield Battery, Dark Shrine  
  42  4:20  Shield Battery  
  42  4:24  Adept x2  
  42  4:30  Shield Battery  
  46  4:40  Shield Battery  
  46  4:41  Adept  
  48  4:45  Adept x2  
  52  4:55  Shield Battery  
  52  5:02  Shield Battery  
  52  5:12  Assimilator  
  52  5:18  Assimilator  
  52  5:25  Dark Templar x2  
  56  5:39  Probe  
  57  5:42  Dark Templar  
  57  5:51  Probe  
  57  5:52  Probe  
  48  6:00  Stalker x2  
  48  6:03  Probe  
  48  6:12  Probe  
  37  6:20  Pylon  
  37  6:24  Probe  
Show
View Real Time Build Order
Export as new Build Order

goblin Protoss - Winner!

Build Orders: Mass Adepts 

Get SALT Encoding   

  12  0:00  Probe  
  13  0:12  Probe  
  14  0:17  Pylon  
  14  0:23  Probe  
  15  0:31  Probe  
  16  0:37  Gateway  
  16  0:39  Probe  
  16  0:45  Assimilator  
  17  0:51  Probe  
  17  0:54  Assimilator  
  18  0:59  Probe  
  19  1:07  Probe  
  19  1:11  Gateway  
  19  1:17  Probe  
  21  1:26  Cybernetics Core  
  21  1:29  Probe  
  22  1:37  Pylon  
  22  1:42  Probe  
  23  2:03  Stargate  
  23  2:04  Adept x2  
  27  2:08  Warp Gate  
  27  2:21  Pylon  
  27  2:33  Void Ray  
  27  2:34  Adept x2  
  35  2:56  Gateway  
  35  3:04  Pylon  
  35  3:09  Void Ray  
  39  3:33  Pylon  
  39  3:49  Void Ray  
  43  4:08  Adept x3  
  49  4:15  Pylon  
  49  4:25  Void Ray  
  49  4:36  Adept  
  49  4:37  Adept  
  57  4:43  Adept  
  59  4:48  Pylon  
  59  5:05  Adept x2  
  63  5:07  Adept  
  65  5:33  Adept x3  
  71  5:36  Pylon  
  71  5:45  Robotics Facility  
  71  5:56  Pylon  
  71  6:03  Pylon  
  71  6:16  Pylon  
  63  6:18  Pylon  
  63  6:24  Pylon  
Tags
 
Add a new tag
Caveats
  • Supply blocks, unpowered buildings, or Contaminate may cause inaccurate times.
  • Supply counts are checked every 10 seconds.